 Dungeon Crawl Stone Soup version 0.29-a0-214-g17f627cfee (webtiles) character file.

Game seed: 4603324810167905880

5 mcwallace the Caller (level 1, -3/11 HPs)
             Began as a Tengu Summoner on Feb 24, 2022.
             Slain by a gnoll
             ... wielding a +0 club
              (5 damage)
             ... on level 1 of the Dungeon.
             The game lasted 00:00:38 (109 turns).

mcwallace the Caller (Tengu Summoner)                Turns: 109, Time: 00:00:38

Health: -3/11      AC:  2    Str:  8    XL:     1   Next: 80%
Magic:  4/4        EV: 12    Int: 15    God:
Gold:   0          SH:  0    Dex: 14    Spells: 3/4 levels left

rFire   . . .      SeeInvis .   e - +0 whip {mace}
rCold   . . .      Faith    .   (no shield)
rNeg    . . .      Spirit   .   a - +0 robe
rPois   .          Reflect  .   (helmet restricted)
rElec   .          Harm     .   (no cloak)
rCorr   .          Rampage  .   (no gloves)
Will    .....                   (boots unavailable)
Stlth   ++........              (no amulet)
HPRegen 0.03/turn               (no ring)
MPRegen 0.09/turn               (no ring)

@: no status effects
A: beak, talons 3
a: no special abilities


You were on level 1 of the Dungeon.
You visited 1 branch of the dungeon, and saw 1 of its levels.


Innate Abilities, Weirdness & Mutations

You have a beak for a mouth.
You have claws for feet.


   Skills:
 + Level 0.5 Fighting
 - Level 2.1 Dodging
 - Level 2.0 Stealth
 + Level 2.1 Spellcasting
 + Level 4.9 Summonings


You had 3 spell levels left.
You knew the following spells:

 Your Spells              Type           Power      Damage    Failure   Level
a - Summon Small Mammal   Summ           64%        N/A       2%          1

Your spell library contained the following spells:

 Spells                   Type           Power      Damage    Failure   Level
 Call Imp                 Summ           16%        N/A       4%          2
 Call Canine Familiar     Summ           16%        N/A       9%          3
 Summon Guardian Golem    Hex/Summ       9%         N/A       24%         3
 Summon Lightning Spire   Summ/Air       9%         N/A       61%         4

Inventory:

Hand Weapons
 c - a +0 club {mace}
   (You took it off a goblin on level 1 of the Dungeon)
 e - a +0 whip (weapon) {mace}
   (You found it on level 1 of the Dungeon)
Armour
 a - a +0 robe (worn)
 b - a +0 robe
   (You found it on level 1 of the Dungeon)
Scrolls
 d - a scroll of vulnerability {unknown}

Dungeon Overview and Level Annotations

Branches:
Dungeon (1/15)

Altars:

#########
#.......##
#........######
###.............##
.................+
########.........#
####...rg@#
##......#
#.†.....#
#.#####.... #.#
#..#. #.# #.....
#.# #.K.. #.#
#.... #'#


You could see a gnoll (ally target), a kobold and a friendly quokka (summoned).


Message History

😕 MP[-1]
You lost 1 mp, and now have 2/4 mp.
You hit the goblin.
You kill the goblin! 😎 HP[+1]
Your hp is fully restored (10).
You swap places.
c - a +0 club {mace} You see here a goblin corpse.
Your quokka disappears in a puff of smoke! x2
d - a scroll labelled KINKIL USESOU 😎 MP[+2]
Your mp is fully restored (4).
e - a +0 whip {mace} A rat comes into view.
A rat is nearby!
e - a +0 whip (weapon)
{mace} 😎 MP[-1]
You lost 1 mp, and now have 3/4 mp. 😎 MP[-1]
You lost 1 mp, and now have 2/4 mp.
What are your orders? t - Shout!
Orders for allies: a - Attack new target. r - Retreat! s - Stop attacking. g - Guard the area. f - Follow me.
Anything else - Cancel.
Gang up on whom?
Press: ? - help, Dir - move target, f - rat
Aim: a rat (asleep, ally target) Attack!
A hobgoblin comes into view.
A quokka comes into view.
Your quokka bites the rat.
Your quokka closely misses the rat.
A gnoll and a kobold come into view.
Your rat closely misses the rat.
The quokka bites you but does no damage.
The rat closely misses you.
Your quokka closely misses the rat.
Your rat closely misses the rat.
You barely miss the quokka.
The kobold shouts!
The hobgoblin shouts!
The quokka bites you.
Your quokka bites the rat.
The rat dies! 😮 HP[-4]
You take 4 damage, and now have 6/10 hp.
MASSIVE DAMAGE!! (PAUSE)
Your rat barely misses the quokka.
The quokka bites you.
Ouch! That really hurt!
* * * LOW HITPOINT WARNING * * *
😱 HP[-5]
You take 5 damage, and now have 1/10 hp.
MASSIVE DAMAGE!! (PAUSE)
The kobold barely misses your quokka.
Your rat closely misses the quokka.
The quokka barely misses you.
Your quokka bites the quokka. 😱 MP[+1]
Something hits your quokka.
Your rat bites the quokka.
The hobgoblin hits your rat.
You closely miss the quokka. Your kick misses the quokka. You peck the quokka.
You kill the quokka!
Your rat bites the hobgoblin.
The hobgoblin closely misses your rat.
You now have 11 max hp (+1).
Your quokka bites the hobgoblin.
The hobgoblin dies!
Your rat bites the kobold.
The kobold throws a stone.
The stone misses you.
Your quokka bites the kobold.
The kobold dies!
Your rat barely misses the gnoll.
Your quokka bites the gnoll but does no damage.
Your quokka completely misses the gnoll.
Your rat bites the gnoll but does no damage. 😱 HP[+1] 😱 MP[+1]
Your mp is fully restored (4).
Your quokka bites the gnoll but does no damage.
Casting: Summon Small Mammal (safe; 2% risk of failure)
Confirm with . or Enter, or press ? or * to list all spells.
😱 MP[-1]
You lost 1 mp, and now have 3/4 mp.
What are your orders? t - Shout!
Orders for allies: a - Attack new target. r - Retreat! s - Stop attacking. g - Guard the area. f - Follow me.
Anything else - Cancel.
Gang up on whom?
Press: ? - help, Dir - move target, f - gnoll
Aim: a gnoll, wielding a +0 club (ally target) Attack!
Your quokka bites the gnoll but does no damage.
Your quokka disappears in a puff of smoke!
Your quokka bites the gnoll.
Your quokka barely misses the gnoll.
Your quokka closely misses the gnoll.
Your quokka bites the gnoll. 😱 MP[+1]
Your mp is fully restored (4).
A kobold comes into view. It is wielding a +0 club.
The kobold shouts!
You hear a bark!
You hit the gnoll. The gnoll hits you with a +0 club.
You die...

Action                   || total
-------------------------++-------
Melee: Whip              ||     3
       Unarmed           ||     1
       Peck              ||     1
 Cast: Summon Small Mamm ||     5
Armor: Robe              ||     1
Dodge: Dodged            ||     3

Levels and vault maps discovered:
D:1:      matt_arrival_los_fun, layout_basic, minmay_domino_2

Notes
Turn   | Place    | Note
-------+----------+-------------------------------------------
     0 | D:1      | mcwallace the Tengu Summoner began the quest for the Orb.
     0 | D:1      | Reached XP level 1. HP: 10/10 MP: 4/4
     0 | D:1      | magus.rc [v1.9.6]
    83 | D:1      | HP: 1/10 [quokka (5)]
   109 | D:1      | Slain by a gnoll

Vanquished Creatures
  A goblin (D:1)
  A quokka (D:1)
2 creatures vanquished.

Vanquished Creatures (collateral kills)
  A hobgoblin (D:1)
  A kobold (D:1)
  A rat (D:1)
3 creatures vanquished.

Grand Total: 5 creatures vanquished

Table legend:
 A = Non-vault XP
 B = Vault XP
 C = Vault XP percentage of total XP
 D = Non-vault monster count
 E = Vault monster count
 F = Vault count percentage of total count
                 A         B        C        D         E       F
            +---------+---------+-------+---------+---------+-------
      Total |       8 |       0 |   0.0 |       5 |       0 |   0.0
            +---------+---------+-------+---------+---------+-------
        D:1 |       8 |       0 |   0.0 |       5 |       0 |   0.0
            +---------+---------+-------+---------+---------+-------

Illustrated notes

Table legend:
 A = Kills in this place as a percentage of kills in entire the game.
 B = Kills by you in this place as a percentage of kills by you in the entire game.
 C = Kills by friends in this place as a percentage of kills by friends in the entire game.
 D = Other kills in this place as a percentage of other kills in the entire game.
 E = Experience gained in this place as a percentage of experience gained in the entire game.
 F = Experience gained in this place divided by the number of levels of this place that you have seen.
                   A       B       C       D       E      F
               +-------+-------+-------+-------+-------+----------------------
         Total | 100.0 | 100.0 | 100.0 |   N/A | 100.0 |   8.0
       Dungeon | 100.0 | 100.0 | 100.0 |   N/A | 100.0 |   8.0
               +-------+-------+-------+-------+-------+----------------------

Table legend: (Time is in decaauts)
 A = Elapsed time spent in this place.
 B = Non-inter-level travel time spent in this place.
 C = Inter-level travel time spent in this place.
 D = Time resting spent in this place.
 E = Time spent auto-exploring this place.
 F = Levels seen in this place.
 G = Mean time per level.
                   A        B        C        D        E       F      G
               +--------+--------+--------+--------+--------+-----+--------+
         Total |    108 |    108 |      0 |      0 |     63 |   1 |  108.0 |
       Dungeon |    108 |    108 |      0 |      0 |     63 |   1 |  108.0 |
               +--------+--------+--------+--------+--------+-----+--------+

Top non-repeatable levels by time:
     D:1: 108 daAuts
